 Dungeon Crawl Stone Soup version 0.29-a0-495-g17b79114eb (webtiles) character file.

Game seed: 4693767394342137419

4946 Pelinal the Covert (level 10, -1/50 HPs)
             Began as a Gargoyle Earth Elementalist on May 27, 2022.
             Was a Believer of Sif Muna.
             Slain by an orc warrior
             ... wielding a +0 glaive
              (15 damage)
             ... on level 9 of the Dungeon.
             The game lasted 00:26:53 (9281 turns).

Pelinal the Covert (Gargoyle Earth Elementalist)    Turns: 9281, Time: 00:26:53

Health: -1/50      AC: 10    Str: 13    XL:     10   Next: 52%
Magic:  8/13       EV: 11    Int: 19    God:    Sif Muna [**....]
Gold:   416        SH:  0    Dex: 10    Spells: 3/13 levels left

rFire   + . .      SeeInvis .   b - +2 dagger (drain)
rCold   + . .      Faith    .   (no shield)
rNeg    + . .      Spirit   .   o - +0 robe
rPois   ∞          Reflect  .   (no helmet)
rElec   +          Harm     .   N - scarf {rC+ rF+}
rCorr   +          Rampage  .   (no gloves)
Will    .....                   z - +0 pair of boots
Stlth   ++++......              j - amulet of magic regeneration
HPRegen 0.16/turn               v - ring of resist corrosion
MPRegen 0.53/turn               E - +4 ring of slaying

@: no status effects
A: sickness immunity, AC +7, negative energy resistance 1, electricity
resistance, torment resistance 1, petrification resistance
a: Renounce Religion, Channel Magic


You were on level 9 of the Dungeon.
You worshipped Sif Muna.
Sif Muna was pleased with you.
You visited 1 branch of the dungeon, and saw 9 of its levels.
You also visited: Sewer.

You collected 416 gold pieces.

Inventory:

Hand Weapons
 a - a +0 hunting sling
 b - a +2 dagger of draining (weapon)
 Q - a +0 short sword of venom
Missiles
 h - 5 atropa-tipped darts
 l - 11 poisoned darts (quivered)
 p - 83 stones
 H - 2 curare-tipped darts
Armour
 o - a +0 robe (worn)
 y - a +0 cloak
 z - a +0 pair of boots (worn)
 I - an orb of light
 N - a scarf of resistance (worn)
 S - a +1 cloak
Jewellery
 j - an amulet of magic regeneration (around neck)
 v - a ring of resist corrosion (left hand)
 A - an amulet of reflection
 E - a +4 ring of slaying (right hand)
 J - a +6 ring of intelligence
Wands
 B - a wand of polymorph (11)
 F - a wand of paralysis (6)
 G - a wand of acid (8)
 O - a wand of flame (13)
Scrolls
 f - 3 scrolls of teleportation
 i - a scroll of vulnerability
 k - a scroll of magic mapping
 r - a scroll of blinking
 t - a scroll of fog
 u - a scroll of fear
 x - a scroll of poison {unknown}
 C - a scroll of amnesia {unknown}
 L - 2 scrolls of enchant armour {unknown}
 M - 3 scrolls of identify
 R - a scroll of brand weapon {unknown}
Potions
 c - a potion of magic
 d - 2 potions of degeneration {unknown}
 e - a potion of invisibility {unknown}
 g - a potion of cancellation
 m - 2 potions of might {unknown}
 n - 2 potions of mutation
 q - 3 potions of curing
 s - 4 potions of flight
 w - a potion of resistance {unknown}
 D - 2 potions of haste {unknown}
 K - a potion of berserk rage {unknown}
 P - a potion of brilliance {unknown}


   Skills:
 - Level 7.0 Throwing
 - Level 1.5 Dodging
 - Level 9.0 Stealth
 - Level 2.0 Spellcasting
 - Level 5.0 Conjurations
 - Level 5.0 Transmutations
 * Level 8.2 Earth Magic
 + Level 4.9 Invocations


You had 3 spell levels left.
You knew the following spells:

 Your Spells              Type           Power      Damage    Failure   Level
a - Sandblast             Erth           66%        2d15      1%          1
b - Stone Arrow           Conj/Erth      54%        3d10      3%          3
c - Petrify               Tmut/Erth      27%        N/A       11%         4
A - Passwall              Tmut/Erth      22%        N/A       1%          2

Your spell library contained the following spells:

 Spells                   Type           Power      Damage    Failure   Level
 Magic Dart               Conj           80%        1d7       2%          1
 Shock                    Conj/Air       44%        1d5       6%          1
 Sting                    Tmut/Pois      44%        1d5       6%          1
 Static Discharge         Conj/Air       11%        N/A       9%          2
 Call Imp                 Summ           1%         N/A       26%         2
 Poisonous Vapours        Pois/Air       2%         N/A       26%         2
 Mephitic Cloud           Conj/Pois/Air  8%         N/A       26%         3
 Swiftness                Air            1%         N/A       45%         3
 Sticky Flame             Conj/Fire      11%        2d3       52%         4
 Airstrike                Air            0%         N/A       86%         4
 Dispel Undead            Necr           1%         3d6       86%         4
 Olgreb's Toxic Radiance  Pois           1%         N/A       86%         4


Dungeon Overview and Level Annotations

Branches:
Dungeon (9/15)             Temple (0/1) D:7           Sewer (visited)
   Lair: D:8-11         Orc: D:9-12

Altars:
Ashenzari
Cheibriados
Kikubaaqudgha
Qazlal
Ru
Sif Muna
Vehumet
Wu Jian
Xom

Annotations:
D:9 exclusion: kobold demonologist


Innate Abilities, Weirdness & Mutations

You are immune to sickness and miasma.
Your stone body is resilient. (AC +7)
You are immune to poison.
You resist negative energy. (rN+)
You are resistant to electric shocks. (rElec)
You are resistant to unholy torment.
You are immune to petrification.


Message History

The orc priest is heavily wounded.
The orc priest calls upon Beogh to heal the orc warrior.
The orc warrior's wounds heal themselves!
The orc hits you but does no damage.
The orc warrior hits you from afar with a +0 glaive!
Unknown command.
Unknown command.
The orc attacks as you move away! The orc hits you but does no damage.
The orc priest miscasts a cantrip.
Unknown command.
Casting: Stone Arrow (dangerous; 3% risk of failure)
Confirm with . or Enter, or press ? or * to list all spells.
Aiming: Sandblast (safe; 1% risk of failure)
Press: ? - help, Shift-Dir - straight line, f - orc, p - orc priest
Aim: an orc, wielding a +0 whip and wearing a +2 chain mail of cold resistance (87% to hit)
The blast of sand hits the orc!
You kill the orc!
Sif Muna accepts your kill.
p - 83 stones The orc warrior barely misses you.
Casting: Sandblast (safe; 1% risk of failure)
Confirm with . or Enter, or press ? or * to list all spells.
Aiming: Stone Arrow (dangerous; 3% risk of failure)
Press: ? - help, Shift-Dir - straight line, f - orc warrior
Aim: an orc warrior, wielding a +0 glaive and wearing a +0 plate armour (covered in acid, 71% to hit)
The stone arrow misses the orc warrior.
The orc warrior hits you from afar with a +0 glaive!
Unknown command.
Casting: Stone Arrow (dangerous; 3% risk of failure)
Confirm with . or Enter, or press ? or * to list all spells.
Aiming: Stone Arrow (dangerous; 3% risk of failure)
Press: ? - help, Shift-Dir - straight line, f/p - orc warrior
Aim: an orc warrior, wielding a +0 glaive and wearing a +0 plate armour (covered in acid, 71% to hit)
The stone arrow hits the orc warrior!
The orc warrior is severely wounded.
The orc priest invokes the aid of Beogh against you.
Beogh smites you!
* * * LOW HITPOINT WARNING * * *
The orc warrior hits you from afar with a +0 glaive!
You die...

####.#### #..# .# ###'####
# ## #......#### # +######
#......'..# ### .......
#......##.# #.. .......
#......##.# #.. .......
####......##.###.. .......
#..'......##...'..
.......##@##......######..
.....o)o).#.......# #..
.......####...##+## #..
##+#### 8...8 ##. ##...##
#. #...# . #...# .


You could see an orc warrior (corroded) and an orc priest (corroded).

Vanquished Creatures
  Grinder (D:3)
  A wraith (D:8)
  A yak (D:8)
  2 orc warriors
  4 black bears
  3 ice beasts
  2 sky beasts
  3 ogres
  2 wolves (D:8)
  A centaur (D:8)
  A phantom (D:5)
  3 kobold brigands
  3 bullfrogs
  3 scorpions
  A necrophage (D:7)
  A gnoll sergeant (D:9)
  16 wights
  4 killer bees
  3 howler monkeys
  3 hounds
  An orc priest (D:7)
  3 jellies
  Natasha (thrice) (D:2)
  5 iguanas
  7 orc wizards
  A centaur simulacrum (D:8)
  5 gnolls (D:9)
  22 adders
  9 river rats
  2 shadow imps
  A howler monkey simulacrum (D:8)
  4 white imps
  An ufetubus (D:8)
  3 dart slugs
  3 worms
  23 orcs
  8 ball pythons
  10 endoplasms
  A giant cockroach (D:2)
  3 goblins
  2 hobgoblins
  A jackal (Sewer)
  10 kobolds
  3 quokkas
  4 bats
  5 frilled lizards
  8 rats
206 creatures vanquished.

Vanquished Creatures (others)
  30 plants
30 creatures vanquished.

Grand Total: 236 creatures vanquished

Notes
Turn   | Place    | Note
-------+----------+-------------------------------------------
     0 | D:1      | Pelinal the Gargoyle Earth Elementalist began the quest for
                  | the Orb.
     0 | D:1      | Reached XP level 1. HP: 10/10 MP: 3/3
    65 | D:1      | Found a faded altar of an unknown god.
   534 | D:1      | Reached XP level 2. HP: 10/15 MP: 1/5
  1030 | D:2      | Reached XP level 3. HP: 19/19 MP: 3/6
  1041 | D:2      | Reached skill level 3 in Stealth
  1353 | D:2      | Noticed Natasha
  1359 | D:2      | Killed Natasha
  1360 | D:2      | Reached skill level 5 in Earth Magic
  1360 | D:2      | Reached XP level 4. HP: 23/24 MP: 5/7
  1646 | D:2      | Noticed Natasha
  1651 | D:2      | Killed Natasha
  1807 | D:2      | Noticed Natasha
  1812 | D:2      | Killed Natasha
  1813 | D:2      | Reached XP level 5. HP: 28/28 MP: 5/8
  1915 | D:3      | Found a broken altar of Ashenzari.
  1949 | D:3      | Reached skill level 4 in Stealth
  1964 | D:3      | Noticed Grinder
  1971 | D:3      | Killed Grinder
  1972 | D:3      | Reached XP level 6. HP: 29/32 MP: 5/9
  1975 | D:3      | Learned a level 2 spell: Passwall
  2062 | D:3      | Found a sacrificial altar of Ru.
  2063 | D:3      | Found a radiant altar of Vehumet.
  2064 | D:3      | Found a stormy altar of Qazlal.
  2077 | D:3      | Reached skill level 5 in Stealth
  2230 | D:3      | Learned a level 3 spell: Stone Arrow
  2897 | D:4      | Reached XP level 7. HP: 36/36 MP: 10/10
  2967 | D:4      | Found an ancient bone altar of Kikubaaqudgha.
  3258 | D:4      | Reached skill level 1 in Throwing
  3258 | D:4      | Reached skill level 1 in Conjurations
  3755 | D:4      | Reached skill level 6 in Stealth
  3823 | D:5      | Entered Level 5 of the Dungeon
  3885 | D:5      | Reached XP level 8. HP: 41/41 MP: 3/11
  4025 | D:5      | Learned a level 4 spell: Petrify
  4395 | D:6      | Reached skill level 7 in Stealth
  4535 | D:6      | Found an ornate altar of the Wu Jian Council.
  4689 | D:6      | Reached skill level 5 in Conjurations
  4689 | D:6      | Reached XP level 9. HP: 27/45 MP: 9/12
  4727 | D:6      | Reached skill level 8 in Stealth
  4834 | D:6      | Found a glowing drain.
  4839 | Sewer    | Entered a sewer
  5159 | Sewer    | Reached skill level 5 in Throwing
  5875 | D:7      | Reached skill level 9 in Stealth
  6176 | D:7      | Found a shimmering blue altar of Sif Muna.
  6194 | D:7      | Became a worshipper of Sif Muna the Loreminder
  6638 | D:7      | Found a staircase to the Ecumenical Temple.
  6962 | D:7      | Reached skill level 1 in Transmutations
  7175 | D:8      | Reached * piety under Sif Muna
  7394 | D:8      | Reached XP level 10. HP: 50/50 MP: 7/13
  7403 | D:7      | Reached skill level 1 in Invocations
  8728 | D:8      | Reached ** piety under Sif Muna
  8805 | D:8      | Reached skill level 5 in Transmutations
  8907 | D:8      | Found a shimmering altar of Xom.
  8908 | D:8      | Found a shimmering altar of Xom.
  8909 | D:8      | Found a shimmering altar of Xom.
  8909 | D:8      | Found a shimmering altar of Xom.
  8912 | D:8      | Found a shimmering altar of Xom.
  8913 | D:8      | Found a shimmering altar of Xom.
  8913 | D:8      | Found a shimmering altar of Xom.
  8914 | D:8      | Found a shimmering altar of Xom.
  8915 | D:8      | Found a shimmering altar of Xom.
  9095 | D:9      | Noticed a kobold demonologist
  9195 | D:9      | Found a snail-covered altar of Cheibriados.
  9281 | D:9      | Slain by an orc warrior

Illustrated notes

Levels and vault maps discovered:
D:1:      nzn_arrival_crosshair, layout_loops_cross,
          ebering_ecumenical_altar_mist
D:2:      layout_rooms, minmay_cupped, uniq_natasha
D:3:      layout_loops_cross, mainiacjoe_overflow_paths,
          chequers_temple_overflow_statue_of_worship, chequers_big_river,
          uniq_grinder
D:4:      layout_basic, old_standard_altar, kennysheep_cluttered_room
D:5:      layout_cave_pools
D:6:      layout_cave_pools, lemuel_tele_altar, lightli_sewer_entry_pipes
D:7:      layout_cave_pods, overflow_temple_1_default,
          minmay_temple_entry_large_hall
D:8:      layout_cave_pools, xom_shifter_show, serial_ice, serial_ice_h,
          serial_ice_c, serial_ice_m, serial_ice_e, serial_ice_f, serial_ice_d,
          grunt_ministairs_1
D:9:      layout_roguey, grunt_temple_overflow_opulence,
          mainiacjoe_overflow_chevrons, serial_corexii_hall,
          corexii_hall_statues_i, corexii_hall_statues_x, uniq_harold

Skill      XL: |  1  2  3  4  5  6  7  8  9 10 |
---------------+-------------------------------+-----
Earth Magic    | 4 5 6 7 8 |  8.2
Stealth        | 3 4 5 6 7 9 |  9.0
Throwing       | 2 4 7 |  7.0
Conjurations   | 2 5 |  5.0
Transmutations | 3 5 |  5.0
Invocations    | 4 |  4.9
Dodging        | |  1.5
Spellcasting   | |  2.0

Action                   |  1- 3 |  4- 6 |  7- 9 | 10-12 || total
-------------------------+-------+-------+-------+-------++-------
Melee: Unarmed           |    10 |       |       |       ||    10
       Club              |    19 |       |       |       ||    19
       Dagger            |       |       |   104 |     1 ||   105
       Punch             |       |       |     2 |       ||     2
 Fire: Hunting sling     |     3 |    44 |    62 |       ||   109
Throw: Dart              |       |     4 |    24 |       ||    28
 Cast: Sandblast         |    21 |    28 |    97 |    44 ||   190
       Stone Arrow       |       |       |    92 |    59 ||   151
       Passwall          |       |       |     2 |       ||     2
       Petrify           |       |       |       |     1 ||     1
Invok: Channel Magic     |       |       |       |     1 ||     1
Evoke: Wand              |       |       |       |     3 ||     3
  Use: Scroll            |       |     9 |     4 |     1 ||    14
       Potion            |       |       |     2 |       ||     2
 Stab: Sleeping          |     1 |       |     2 |     1 ||     4
Armor: Robe              |    15 |     4 |    65 |    27 ||   111
Dodge: Dodged            |    21 |    11 |    88 |    46 ||   166

Table legend: (Time is in decaauts)
 A = Elapsed time spent in this place.
 B = Non-inter-level travel time spent in this place.
 C = Inter-level travel time spent in this place.
 D = Time resting spent in this place.
 E = Time spent auto-exploring this place.
 F = Levels seen in this place.
 G = Mean time per level.
                   A        B        C        D        E       F      G
               +--------+--------+--------+--------+--------+-----+--------+
         Total |   9520 |   8886 |    634 |   1724 |   4432 |  10 |  952.0 |
       Dungeon |   8821 |   8187 |    634 |   1714 |   4345 |   9 |  980.1 |
         Sewer |    698 |    698 |      0 |     10 |     87 |   1 |  698.0 |
               +--------+--------+--------+--------+--------+-----+--------+

Top non-repeatable levels by time:
     D:7: 2211 daAuts
     D:6: 1091 daAuts
     D:3: 1071 daAuts
     D:8: 964 daAuts
     D:4: 953 daAuts
     D:1: 951 daAuts
     D:2: 902 daAuts
   Sewer: 698 daAuts
     D:5: 567 daAuts
     D:9: 109 daAuts
